 Dungeon Crawl Stone Soup version 0.21.1-1-g345015fe64 (webtiles) character file.

158 Oravi the Cutter (level 5, 0/37 HPs)
             Began as a Halfling Fighter on Mar 28, 2018.
             Succumbed to an adder's poison
             ... in a sewer.
             The game lasted 00:12:27 (2599 turns).

Oravi the Cutter (Halfling Fighter)                 Turns: 2599, Time: 00:12:27

Health: 0/37       AC: 10    Str: 17    XL:     5   Next: 67%
Magic:  5/5        EV:  8    Int:  6    God:
Gold:   102        SH:  9    Dex: 15    Spells: 4/4 levels left

rFire    + + .     SeeInvis .   v - +1 dagger (pain)
rCold    . . .     Gourm    .   c - +0 shield
rNeg     . . .     Faith    .   b - +0 scale mail
rPois    .         Spirit   .   o - +2 helmet
rElec    .         Reflect  .   (no cloak)
rCorr    .         Harm     .   (no gloves)
MR       .....                  (no boots)
Stlth    ..........             (no amulet)
HPRegen  0.12/turn              h - ring of protection from fire
MPRegen  0.09/turn              w - ring of protection from fire

@: lethally poisoned (0 -> -6), very slow
A: small, mutation resistance 1
a: no special abilities


You were in a sewer.
You were not hungry.

You visited 1 branch of the dungeon, and saw 3 of its levels.
You also visited: Sewer.

You collected 102 gold pieces.

Inventory:

Hand Weapons
 a - a +0 rapier
 v - a +1 dagger of pain (weapon)
Missiles
 j - 86 stones (quivered)
 q - 17 sling bullets
Armour
 b - a +0 scale mail (worn)
 c - a +0 shield (worn)
 o - a +2 helmet (worn)
Jewellery
 h - a ring of protection from fire (left hand)
 w - a ring of protection from fire (right hand)
Scrolls
 g - 4 scrolls of identify
 k - 2 scrolls of enchant armour
 t - a scroll of fog {unknown}
 u - a scroll of remove curse {unknown}
Potions
 p - a potion of invisibility
Comestibles
 d - 3 chunks of flesh
 f - 4 rations


   Skills:
 + Level 3.8 Fighting
 + Level 5.5 Short Blades
 - Level 3.2 Armour
 - Level 3.2 Shields


You had 4 spell levels left.
You didn't know any spells.

Dungeon Overview and Level Annotations

Branches:
Dungeon (3/15)

Altars:


Innate Abilities, Weirdness & Mutations

You are small and have problems with some larger weapons.
You are somewhat resistant to further mutation.


Message History

You are more poisoned.
The adder poisons you! You block the ball python's attack.
The ball python grabs you. The ball python constricts you.
The ball python bites you but does no damage.
You see here a ball python corpse.
You escape the ball python's grasp.
* * * LOW HITPOINT WARNING * * *
You feel sick. The ball python barely misses you.
You block the ball python's attack. The adder bites you but does no damage.
The adder closely misses you. The ball python bites you.
* * * LOW HITPOINT WARNING * * *
You block the ball python's attack.
As you read the scroll labeled PAEZXE PUFOOSOFE, it crumbles to dust.
It is a scroll of amnesia.
You feel forgetful for a moment. The ball python closely misses you.
The ball python barely misses you. The adder bites you but does no damage.
The adder closely misses you.
The ball python bites you but does no damage.
You block the ball python's attack. x3
You die...

.....####
####.
........##
##....
#.......#
#.....
#......##
##....%
#......#
#......
##≈rr≈.#
##≈≈≈≈#
#≈≈SSS≈#
#≈≈≈≈≈≈
#≈≈S≈≈≈#
#≈≈≈≈≈≈
#≈≈@≈≈≈#
#≈#≈≈≈≈
#≈≈≈≈≈≈#
#≈≈≈≈≈≈
#≈≈≈≈≈≈#
#≈≈≈≈≈≈
#≈≈≈≈≈##
#≈≈≈≈≈≈
#≈≈.[≈≈#
#.≈≈≈≈≈
##≈†≈≈##
#≈≈≈≈≈≈
#≈≈≈≈≈≈#
#≈≈≈≈≈≈
#≈≈≈≈≈≈#
#≈≈≈≈≈≈
#≈≈≈≈≈≈#
#≈≈≈≈≈≈


You could see 2 adders, 2 ball pythons and 2 rats.

Vanquished Creatures
  5 river rats
  3 adders
  4 worms
  A leopard gecko (D:3)
  6 ball pythons
  8 bats
  8 giant cockroaches
  3 goblins
  7 hobgoblins
  5 kobolds
  A quokka (D:2)
  3 frilled lizards
  26 rats
80 creatures vanquished.

Notes
Turn   | Place    | Note
-------+----------+-------------------------------------------
     0 | D:1      | Oravi the Halfling Fighter began the quest for the Orb.
     0 | D:1      | Reached XP level 1. HP: 15/15 MP: 1/1
   202 | D:1      | Reached XP level 2. HP: 21/21 MP: 2/2
   435 | D:1      | Reached skill level 3 in Short Blades
   636 | D:1      | Reached XP level 3. HP: 26/26 MP: 3/3
  1428 | D:2      | Reached XP level 4. HP: 29/31 MP: 4/4
  1432 | D:2      | Reached skill level 4 in Short Blades
  1908 | D:3      | Reached XP level 5. HP: 12/36 MP: 5/5
  2115 | D:3      | Found a glowing drain.
  2119 | Sewer    | Entered a sewer
  2185 | Sewer    | Reached skill level 5 in Short Blades
  2597 | Sewer    | HP: 1/37 [ball python (1)]
  2599 | Sewer    | Succumbed to an adder's poison

Skill      XL: |  1  2  3  4  5 |
---------------+----------------+-----
Fighting       | 3 |  3.8
Short Blades   | 3 4 5 |  5.5
Armour         | |  3.2
Shields        | |  3.2

Action                   |  1- 3 |  4- 6 || total
-------------------------+-------+-------++-------
Melee: Rapier            |    99 |       ||    99
       Dagger            |    20 |   310 ||   330
  Use: Scroll            |     2 |     2 ||     4
       Potion            |       |     7 ||     7
  Eat: Chunk             |     2 |     4 ||     6
Armor: Scale mail        |    51 |   151 ||   202
Dodge: Dodged            |    24 |   101 ||   125
Block: Shield            |    59 |   147 ||   206
